 Dungeon Crawl Stone Soup version 0.28-a0-1447-ga5a8893891 (webtiles) character file.

Game seed: 8457774658319664353

12593 bande the Cleaver (level 11, -7/68 HPs)
             Began as a Gargoyle Fighter on Jan 11, 2022.
             Was a High Priest of Okawaru.
             Mangled by a cyclops (17 damage)
             ... on level 10 of the Dungeon.
             The game lasted 00:19:34 (12727 turns).

bande the Cleaver (Gargoyle Fighter)               Turns: 12727, Time: 00:19:34

Health: -7/68      AC: 26    Str: 21    XL:     11   Next: 95%
Magic:  14/14      EV:  7    Int:  8    God:    Okawaru [*****.]
Gold:   688        SH:  6    Dex: 13    Spells: 8/10 levels left

rFire   + . .      SeeInvis +   a - +0 war axe (spect)
rCold   . . .      Faith    +   c - +1 buckler
rNeg    + + .      Spirit   .   l - +4 chain mail {rF+}
rPois   ∞          Reflect  .   (no helmet)
rElec   +          Harm     .   G - +2 cloak {Will+}
rCorr   .          Rampage  .   (no gloves)
Will    +....                   (no boots)
Stlth   ..........              y - amulet of faith
HPRegen 0.21/turn               g - ring of positive energy
MPRegen 0.14/turn               o - ring of see invisible

@: no status effects
A: sickness immunity, AC +8, negative energy resistance 1, electricity
resistance, torment resistance 1, petrification resistance
a: Renounce Religion, Heroism, Finesse, Duel


You were on level 10 of the Dungeon.
You worshipped Okawaru.
Okawaru was extremely pleased with you.
You visited 2 branches of the dungeon, and saw 11 of its levels.

You collected 688 gold pieces.

Inventory:

Hand Weapons
 a - a +0 spectral war axe (weapon)
 v - a +0 flail of draining
 C - a +8 war axe of freezing
Missiles
 D - a throwing net (quivered)
Armour
 c - a +1 buckler (worn)
 l - a +4 chain mail of fire resistance (worn)
 G - a +2 cloak of willpower (worn)
Jewellery
 g - a ring of positive energy (left hand)
 o - a ring of see invisible (right hand)
 t - a ring of flight
 y - an amulet of faith (around neck)
Wands
 k - a wand of iceblast (6)
 q - a wand of flame (12)
 r - a wand of charming (9)
 s - a wand of acid (13)
Scrolls
 b - 2 scrolls of enchant armour
 f - a scroll of summoning
 m - 5 scrolls of teleportation
 n - a scroll of silence {unknown}
 p - 2 scrolls of magic mapping
 A - a scroll of blinking {unknown}
 F - a scroll of amnesia
Potions
 d - 3 potions of might
 e - a potion of magic
 h - 2 potions of berserk rage
 i - 4 potions of curing
 j - 6 potions of flight
 u - a potion of mutation {unknown}
 w - a potion of cancellation {unknown}
 x - a potion of brilliance {unknown}
 z - a potion of degeneration {unknown}
 B - a potion of resistance {unknown}
 E - a potion of haste


   Skills:
 + Level 7.8 Fighting
 + Level 10.2 Axes
 + Level 9.1 Armour
 + Level 6.7 Shields
 * Level 5.9 Translocations
 * Level 5.2 Invocations
 * Level 5.6 Evocations


You had 8 spell levels left.
You knew the following spells:

 Your Spells              Type           Power      Damage    Failure   Level
a - Blink                 Tloc           18%        N/A       45%         2

Your spell library contained the following spells:

 Spells                   Type           Power      Damage    Failure   Level
 Lesser Beckoning         Tloc           9%         N/A       69%         3
 Ensorcelled Hibernation  Hex/Ice        0%         N/A       99%         2
 Passwall                 Tmut/Erth      0%         N/A       99%         2
 Static Discharge         Conj/Air       0%         N/A       99%         2
 Ozocubu's Armour         Ice            0%         N/A       100%        3
 Swiftness                Air            0%         N/A       100%        3
 Dispel Undead            Necr           0%         3d6       100%        4
 Sticky Flame             Conj/Fire      0%         2d3       100%        4
 Manifold Assault         Tloc           9%         N/A       100%        5
 Ozocubu's Refrigeration  Ice            0%         4d5       100%        7
 Lehudib's Crystal Spear  Conj/Erth      0%         10d2      100%        8
 Spellforged Servitor     Conj/Summ      Unusable   N/A       N/A         7

Dungeon Overview and Level Annotations

Branches:
Dungeon (10/15)            Temple (1/1) D:7             Orc (0/2) D:10
   Lair: D:8-11

Altars:
Ashenzari
Cheibriados
Dithmenos
Elyvilon
Fedhas
Hepliaklqana
Makhleb
Nemelex Xobeh
Okawaru
Qazlal
Ru
Sif Muna
Trog
Uskayaw
Vehumet
Wu Jian
Xom
Yredelemnul
Zin
The Shining One

Shops:
D:3 *   D:4 *   D:6 (   D:10 (

Annotations:
D:4 1 runed translucent door, southernslant's ghost, weakling FeTm
D:10 Nergalle


Innate Abilities, Weirdness & Mutations

You are immune to sickness and miasma.
Your stone body is resilient. (AC +8)
You are immune to poison.
You resist negative energy. (rN+)
You are resistant to electric shocks. (rElec)
You are resistant to unholy torment.
You are immune to petrification.


Message History

The cyclops is heavily wounded.
The cyclops hits you!
You hit the cyclops but do no damage.
The cyclops is heavily wounded.
You hit the cyclops.
The cyclops is heavily wounded.
The cyclops hits you but does no damage.
You hit the cyclops.
The cyclops is heavily wounded.
You closely miss Nergalle.
Nergalle gestures at you while chanting.
Orcish apparitions take form around you.
The cyclops hits you.
You hit the cyclops but do no damage.
The cyclops is heavily wounded.
You barely miss Nergalle. Nergalle hits you but does no damage.
You hit the cyclops.
The cyclops is heavily wounded.
You barely miss Nergalle. You hit the spectral orc warrior.
Nergalle hits you with a +0 dagger. The cyclops hits you!!
You block the spectral orc warrior's attack.
You hit the cyclops but do no damage.
The cyclops is heavily wounded.
You slash the spectral orc warrior! You hit Nergalle but do no damage.
Your +0 spectral war axe hits the spectral orc warrior!
Nergalle shouts, "Kill, kill, my pretties!"
Nergalle points at the vampire and mumbles some strange words.
The cyclops barely misses you.
The spectral orc warrior hits your +0 spectral war axe with a +0 long sword!
Your spectral weapon shares its damage with you!
You hit the cyclops.
The cyclops is heavily wounded.
You hit Nergalle but do no damage.
You catch the helpless spectral orc warrior completely off-guard!
You hit the spectral orc warrior but do no damage.
You block Nergalle's attack.
The spectral orc warrior hits you with a +0 long sword!
* * * LOW HITPOINT WARNING * * *
The cyclops hits you!
You die...

.....##...#.....#...###.....###
###..##...#####.##### #######
#..##...#.........#
##...#.#.#.#.#.#)#.#
#........#..#.#.#).#
##..<#...#.#.(...#.#
#..##...#..#...#..#
.........#.#..Z..#.#
####.###..#..#.#@#..# #.#
#..#.#.#o#C#.# #.#
#..#....)ZV..# #.#
##.#####.##### ####.#
#.(##....)..#
..##.###..#.#.))..#.#
#.##......#..#...#..#
#.##).....#...#.#...#
..(...)...#....#......


You could see Nergalle, a cyclops, a spectral orc warrior (summoned, ally
target), a vampire and a friendly +0 spectral war axe (summoned).

Vanquished Creatures
  A boulder beetle (D:7)
  A hydra (D:10)
  A centaur warrior (D:10)
  3 two-headed ogres
  Pikel (D:4)
  A deep elf pyromancer (D:7)
  An ugly thing (D:10)
  A gargoyle (D:7)
  An unseen horror (D:7)
  Maggie (D:7)
  A komodo dragon (D:10)
  A kobold demonologist (D:10)
  Psyche (D:8)
  A hornet (D:10)
  Grinder (D:3)
  Prince Ribbit (D:6)
  Sigmund (D:4)
  A vampire (D:7)
  A wraith (D:10)
  A yak (D:7)
  2 steam dragons
  Edmund (D:6)
  Duvessa (D:5)
  An acid dragon (D:10)
  A water moccasin (D:7)
  2 sky beasts
  An orc warrior (D:9)
  An ice beast (D:3)
  A necrophage (D:4)
  5 centaurs
  4 kobold brigands
  4 phantoms
  Blork the orc (D:4)
  A bullfrog (D:7)
  2 gnoll sergeants (D:10)
  3 scorpions
  A water moccasin skeleton (D:5)
  Dowan (D:5)
  2 killer bees
  5 howler monkeys
  5 wights
  3 centaur zombies
  4 hounds
  A jelly (D:5)
  2 orc priests
  A bullfrog skeleton (D:6)
  2 centaur skeletons
  An iguana (D:6)
  Ijyb (D:3)
  Terence (D:3)
  Natasha (thrice) (D:2)
  14 orc wizards
  A hound skeleton (D:2)
  2 howler monkey zombies
  8 gnolls
  9 adders
  3 white imps
  An adder skeleton (D:4)
  A worm (D:2)
  5 dart slugs
  27 orcs
  8 endoplasms
  3 giant cockroaches (D:2)
  8 goblins
  5 hobgoblins
  8 jackals
  6 quokkas
  4 ball pythons
  3 bats
  A frilled lizard (D:1)
  13 kobolds
  4 rats
220 creatures vanquished.

Vanquished Creatures (others)
  9 plants (D:7)
  2 withered plants (D:4)
11 creatures vanquished.

Grand Total: 231 creatures vanquished

Notes
Turn   | Place    | Note
-------+----------+-------------------------------------------
     0 | D:1      | bande the Gargoyle Fighter began the quest for the Orb.
     0 | D:1      | Reached XP level 1. HP: 14/14 MP: 1/1
   827 | D:1      | Reached XP level 2. HP: 19/19 MP: 2/2
  1307 | D:2      | Found a faded altar of an unknown god.
  1363 | D:2      | Reached skill level 2 in Axes
  1363 | D:2      | Reached XP level 3. HP: 20/24 MP: 3/3
  1463 | D:2      | Reached XP level 4. HP: 20/29 MP: 4/4
  1621 | D:2      | Noticed Natasha
  1625 | D:2      | Killed Natasha
  1626 | D:2      | Reached XP level 5. HP: 33/33 MP: 5/5
  1775 | D:2      | Reached skill level 3 in Axes
  1793 | D:2      | Noticed Natasha
  1801 | D:2      | Killed Natasha
  2151 | D:2      | Noticed Natasha
  2167 | D:2      | Killed Natasha
  2260 | D:3      | Noticed Grinder
  2261 | D:3      | Noticed an ice beast
  2269 | D:3      | Killed an ice beast
  2270 | D:3      | Reached XP level 6. HP: 19/39 MP: 6/6
  2273 | D:3      | Paralysed by Grinder for 3 turns
  2276 | D:3      | Killed Grinder
  2277 | D:3      | Reached skill level 4 in Axes
  2277 | D:3      | Reached skill level 5 in Armour
  2277 | D:3      | Reached XP level 7. HP: 18/44 MP: 7/7
  2693 | D:3      | Noticed Terence
  2698 | D:3      | Killed Terence
  2760 | D:3      | Found Xecamaiw's Assorted Antiques.
  2986 | D:3      | Noticed Ijyb
  2991 | D:3      | Killed Ijyb
  3140 | D:4      | Noticed Blork the orc
  3149 | D:4      | Killed Blork the orc
  3150 | D:4      | Reached skill level 5 in Axes
  3239 | D:4      | Found a runed translucent door.
  3239 | D:4      | Noticed southernslant's ghost (weakling FeTm)
  3268 | D:4      | Found Deax's General Store.
  3557 | D:4      | Learned a level 2 spell: Blink
  3593 | D:4      | Reached skill level 5 in Fighting
  3593 | D:4      | Reached skill level 5 in Shields
  3593 | D:4      | Reached XP level 8. HP: 41/49 MP: 8/8
  3844 | D:4      | Reached skill level 1 in Translocations
  3846 | D:4      | Noticed Pikel
  3870 | D:4      | Killed Pikel
  3871 | D:4      | Reached skill level 6 in Axes
  3871 | D:4      | Reached skill level 1 in Evocations
  4587 | D:4      | Noticed Sigmund
  4594 | D:4      | Killed Sigmund
  4691 | D:5      | Entered Level 5 of the Dungeon
  4703 | D:5      | Reached XP level 9. HP: 54/54 MP: 9/9
  5025 | D:5      | Identified the +0 robe of the Desolation of Salt {rElec
                  | SInv}
  5045 | D:5      | Noticed Duvessa
  5045 | D:5      | Noticed Dowan
  5051 | D:5      | Killed Duvessa
  5057 | D:5      | Killed Dowan
  5204 | D:5      | Reached skill level 7 in Axes
  5646 | D:6      | Noticed Prince Ribbit
  5689 | D:6      | Killed Prince Ribbit
  5724 | D:6      | Got the Grimoire of Confrontation
  6414 | D:6      | Found Laepsin's Weapon Shop.
  6433 | D:6      | Noticed Edmund
  6450 | D:6      | Killed Edmund
  6735 | D:7      | Found a staircase to the Ecumenical Temple.
  6735 | D:7      | Noticed Maggie
  6741 | D:7      | Killed Maggie
  6742 | D:7      | Reached skill level 8 in Axes
  6742 | D:7      | Reached XP level 10. HP: 49/61 MP: 10/10
  6747 | Temple   | Entered the Ecumenical Temple
  7128 | Temple   | Became a worshipper of Warmaster Okawaru
  7328 | D:7      | Reached skill level 1 in Invocations
  7347 | D:7      | Noticed a gargoyle
  7351 | D:7      | Killed an unseen horror
  7351 | D:7      | Reached * piety under Okawaru
  7356 | D:7      | Killed a gargoyle
  7817 | D:7      | Found a hide-covered altar of Uskayaw.
  8065 | D:7      | Noticed a deep elf pyromancer
  8073 | D:7      | Killed a deep elf pyromancer
  8073 | D:7      | Reached ** piety under Okawaru
  8309 | D:7      | Noticed a boulder beetle
  8689 | D:7      | Killed a boulder beetle
  8690 | D:7      | Reached skill level 9 in Axes
  9168 | D:8      | Noticed Psyche
  9174 | D:8      | Killed Psyche
  9174 | D:8      | Reached *** piety under Okawaru
  9441 | D:8      | Reached XP level 11. HP: 65/67 MP: 13/13
  9677 | D:9      | Noticed a two-headed ogre
  9687 | D:9      | Killed a two-headed ogre
  9688 | D:9      | Reached skill level 5 in Translocations
 10642 | D:10     | Entered Level 10 of the Dungeon
 10758 | D:10     | Found a staircase to the Orcish Mines.
 10761 | D:10     | Noticed a sun demon
 10765 | D:10     | Reached **** piety under Okawaru
 10774 | D:10     | Reached skill level 5 in Evocations
 11318 | D:10     | Found Goterch's Weapon Boutique.
 11624 | D:10     | Noticed a two-headed ogre
 11630 | D:10     | Killed a two-headed ogre
 12180 | D:10     | Noticed a two-headed ogre
 12182 | D:10     | Noticed a centaur warrior
 12186 | D:10     | Killed a two-headed ogre
 12186 | D:10     | Reached ***** piety under Okawaru
 12187 | D:10     | Reached skill level 10 in Axes
 12190 | D:10     | Killed a centaur warrior
 12332 | D:10     | Noticed a seven-headed hydra
 12340 | D:10     | Noticed a cyan ugly thing
 12347 | D:10     | Killed a seven-headed hydra
 12348 | D:10     | Reached skill level 5 in Invocations
 12362 | D:10     | Killed a cyan ugly thing
 12537 | D:10     | Received a gift from Okawaru
 12712 | D:10     | Noticed a cyclops
 12716 | D:10     | Noticed Nergalle
 12727 | D:10     | Mangled by a cyclops

Illustrated notes

Levels and vault maps discovered:
D:1:      dpeg_arrival_three_same_balls, layout_basic, chequers_jeans,
          st_stairs_11
D:2:      layout_basic, nicolae_ecumenical_oubliette, st_stairs_7,
          minmay_pentomino_pile, uniq_natasha
D:3:      layout_rooms, serial_shops, shop_coins, minmay_crystal_room,
          uniq_ijyb, uniq_grinder, uniq_terence
D:4:      layout_basic, gammafunk_ghost_grave, grunt_ministairs_6,
          kennysheep_small_circle, uniq_sigmund, uniq_pikel, uniq_blork_the_orc
D:5:      layout_gridville, uniq_duvessa
D:6:      layout_rooms, serial_shops, shop, uniq_prince_ribbit1, uniq_edmund
D:7:      layout_loops_cross, old_standard_altar, minmay_temple_entry_hall,
          minmay_shattered_shrine, uniq_maggie
D:8:      layout_cave_pools, uniq_psyche
D:9:      layout_irregular_city
D:10:     minmay_the_grid_3x3 [minmay_the_grid_all_tris,
          minmay_the_grid_large_cup, minmay_the_grid_mess,
          minmay_the_grid_embedded, minmay_the_grid_gridbox,
          minmay_the_grid_minigrid_medium, minmay_the_grid_diamond_grid,
          minmay_the_grid_x, minmay_the_grid_prize_inner_circle],
          layout_loops_corners, serial_shops, nicolae_shop_window_shopping,
          uniq_nergalle
Temple:   mainiacjoe_temple_trianglar_array

Skill      XL: |  1  2  3  4  5  6  7  8  9 10 11 |
---------------+----------------------------------+-----
Axes           | 2 3 4 5 6 8 9 10 | 10.2
Armour         | 4 5 6 7 8 9 |  9.1
Fighting       | 4 5 6 7 |  7.8
Shields        | 4 5 6 |  6.7
Translocations | 2 3 4 5 |  5.9
Evocations     | 2 3 4 5 |  5.6
Invocations    | 3 5 |  5.2

Action                   |  1- 3 |  4- 6 |  7- 9 | 10-12 || total
-------------------------+-------+-------+-------+-------++-------
Melee: War axe           |    53 |    49 |   202 |   275 ||   579
       Flail             |       |       |       |    25 ||    25
Invok: Heroism           |       |       |       |     1 ||     1
  Use: Scroll            |     5 |     2 |     6 |     3 ||    16
       Potion            |       |       |       |     4 ||     4
 Stab: Distracted        |       |       |     2 |     4 ||     6
Armor: Scale mail        |    32 |    17 |     5 |       ||    54
       Chain mail        |       |       |   137 |   208 ||   345
Dodge: Dodged            |    31 |    21 |    36 |   111 ||   199
Block: Buckler           |    14 |    20 |    53 |   101 ||   188

Table legend: (Time is in decaauts)
 A = Elapsed time spent in this place.
 B = Non-inter-level travel time spent in this place.
 C = Inter-level travel time spent in this place.
 D = Time resting spent in this place.
 E = Time spent auto-exploring this place.
 F = Levels seen in this place.
 G = Mean time per level.
                   A        B        C        D        E       F      G
               +--------+--------+--------+--------+--------+-----+--------+
         Total |  12832 |  12789 |     43 |   4640 |   6126 |  11 | 1166.5 |
       Dungeon |  12417 |  12385 |     32 |   4640 |   5749 |  10 | 1241.7 |
        Temple |    414 |    403 |     11 |      0 |    377 |   1 |  414.0 |
               +--------+--------+--------+--------+--------+-----+--------+

Top non-repeatable levels by time:
    D:10: 2084 daAuts
     D:7: 1704 daAuts
     D:4: 1573 daAuts
     D:6: 1405 daAuts
     D:1: 1362 daAuts
     D:2: 1233 daAuts
     D:9: 989 daAuts
     D:5: 959 daAuts
     D:3: 589 daAuts
     D:8: 516 daAuts
  Temple: 414 daAuts
